 Dungeon Sprint DCSS version 0.19.0-24-gb05acd6 (webtiles) character file.

807 igo the Thaumaturge (level 7, -1/40 HPs)
             Began as a Deep Elf Air Elementalist on Nov 22, 2016.
             Was a Priest of Sif Muna.
             Slain by a hill giant
             ... wielding a +0 giant spiked club
              (26 damage)
             ... in the Dungeon (Sprint IX: "|||||||||||||||||||||||||||||").
             The game lasted 00:05:40 (528 turns).

igo the Thaumaturge (Deep Elf Air Elementalist)      Turns: 528, Time: 00:05:41

Health: -1/40      AC:  7    Str:  6    XL:     7   Next: 60%
Magic:  18/23      EV: 18    Int: 21    God:    Sif Muna [***...]
Gold:   0          SH:  0    Dex: 18    Spells: 4 memorised, 17 levels left

rFire  . . .     SeeInvis .     j - -2 dagger (curse)
rCold  . . .     Gourm    .     e - +0 troll leather armour
rNeg   . . .     Faith    .     (no shield)
rPois  .         Spirit   .     (no helmet)
rElec  .         Reflect  .     q - +0 cloak
rCorr  .         Harm     .     (no gloves)
MR     .....     NoTele   +     (no boots)
Stlth  ++........               (no amulet)
                                t - +3 ring of dexterity
                                s - +2 ring of protection

@: sluggish, very slightly contaminated, repel missiles, very slow
A: no striking features
a: Divine Energy, Channel Magic, Renounce Religion


You were in the Dungeon.
You worshipped Sif Muna.
Sif Muna was most pleased with you.
You were not hungry.

You visited 1 branch

Inventory:

Hand Weapons
 j - a cursed -2 dagger (weapon)
 o - a +4 quarterstaff of speed
Armour
 a - a +0 robe
 e - a +0 troll leather armour (worn)
 q - a +0 cloak (worn)
 r - a +2 ring mail
Magical Staves
 p - an uncursed staff of energy
Jewellery
 s - a +2 ring of protection (left hand)
 t - a +3 ring of dexterity (right hand)
Wands
 n - a wand of acid (4/15)
Scrolls
 i - a scroll of blinking
 l - 3 scrolls of remove curse
 m - 2 scrolls of amnesia
Potions
 f - 2 potions of heal wounds
 g - 3 potions of magic
 h - a potion of berserk rage
 k - 4 potions of curing
Books
 b - a book of Air

   Spells                             Type                      Level
   a - Shock                          Conjuration/Air              1
   b - Swiftness                      Charms/Air                   2
   c - Repel Missiles                 Charms/Air                   2
   d - Static Discharge               Conjuration/Air              3
   e - Lightning Bolt                 Conjuration/Air              5
Comestibles
 c - a bread ration


   Skills:
 + Level 2.2 Fighting
 + Level 2.3 Armour
 + Level 9.7 Dodging
 - Level 2.4 Stealth
 + Level 10.5 Spellcasting
 + Level 8.6 Conjurations
 + Level 8.3 Air Magic
 * Level 4.7 Invocations


You had 17 spell levels left.
You knew the following spells:

 Your Spells              Type           Power        Failure   Level  Hunger
a - Shock                 Conj/Air       ####         1%          1    None
b - Swiftness             Chrm/Air       ####....     2%          2    None
c - Repel Missiles        Chrm/Air       ####..       2%          2    None
d - Lightning Bolt        Conj/Air       #####.....   10%         5    ####...


Dungeon Overview and Level Annotations

Branches:
Dungeon (1/1)

Altars:
Cheibriados
Dithmenos
Elyvilon
Fedhas
Gozag
Hepliaklqana
Kikubaaqudgha
Makhleb
Nemelex Xobeh
Okawaru
Qazlal
Ru
Sif Muna
Trog
Uskayaw
Vehumet
Xom
Yredelemnul
Zin
The Shining One
Beogh
Jiyva
Lugonu


Message History

The bolt of lightning hits the hippogriff.
You kill the hippogriff!
Sif Muna accepts your kill.
Your Fighting skill increases to level 2!
Your Armour skill increases to level 2!
Your Invocations skill increases to level 4!
The hill giant hits you with a giant spiked club.
Magic courses through your body.
Casting: Lightning Bolt
Confirm with . or Enter, or press ? or * to list all spells.
Aiming: Lightning Bolt
Press: ? - help, Shift-Dir - straight line, f - hill giant
Aim: a hill giant, wielding a giant spiked club (severely wounded)
You hear a mighty clap of thunder!
The bolt of lightning hits the hill giant.
The hill giant is severely wounded.
The bolt of lightning misses the hungry ghost.
The hill giant hits you with a giant spiked club!!
Ouch! That really hurt!
You die... ▓▓▓▓▓▓▓▓▓▓▓▓▓▓▓▓▓▓▓▓▓▓▓▓▓▓▓▓▓▓▓▓▓ ______________.'@CW).[...'.H....) ▓▓▓▓▓▓▓▓▓▓▓▓▓▓▓▓▓▓▓▓▓▓▓▓▓▓▓▓▓▓▓▓▓

You could see a hill giant and a hungry ghost.

Vanquished Creatures
  A troll (D)
  2 hippogriffs (D)
  A black bear (D)
  A centaur (D)
  A quasit (D)
  An iguana (D)
  An adder (D)
  An adder skeleton (D)
  A leopard gecko (D)
  An orc (D)
  A ball python (D)
  A bat (D)
  A bat skeleton (D)
  A goblin (D)
  A hobgoblin (D)
  A frilled lizard (D)
  A leopard gecko skeleton (D)
  A rat (D)
19 creatures vanquished.

Vanquished Creatures (others)
  A spatial maelstrom (D)
1 creature vanquished.

Grand Total: 20 creatures vanquished

Notes
Turn   | Place    | Note
-------+----------+-------------------------------------------
     0 | D        | igo the Deep Elf Air Elementalist began the quest for the Orb.
     0 | D        | Reached XP level 1. HP: 10/10 MP: 6/6
     4 | D        | Banished a spatial maelstrom
    55 | D        | Noticed a centaur
    55 | D        | Noticed an iguana
    60 | D        | Reached skill level 4 in Spellcasting
    60 | D        | Reached XP level 2. HP: 13/15 MP: 2/9
    67 | D        | Killed a centaur
    67 | D        | Reached skill level 5 in Dodging
    67 | D        | Reached skill level 6 in Spellcasting
    67 | D        | Reached skill level 5 in Air Magic
    67 | D        | Reached XP level 3. HP: 11/19 MP: 0/12
    67 | D        | Reached XP level 4. HP: 15/24 MP: 0/14
    67 | D        | Reached skill level 5 in Conjurations
    75 | D        | Found a roughly hewn altar of Beogh.
    75 | D        | Found a snail-covered altar of Cheibriados.
    75 | D        | Found a shadowy altar of Dithmenos.
    75 | D        | Found a white marble altar of Elyvilon.
    75 | D        | Found a blossoming altar of Fedhas.
    75 | D        | Found an opulent altar of Gozag.
    76 | D        | Found a hazy altar of Hepliaklqana.
    77 | D        | Found a viscous altar of Jiyva.
    78 | D        | Found an ancient bone altar of Kikubaaqudgha.
    79 | D        | Found a corrupted altar of Lugonu.
    80 | D        | Found a burning altar of Makhleb.
    81 | D        | Found a sparkling altar of Nemelex Xobeh.
    82 | D        | Found an iron altar of Okawaru.
    83 | D        | Found a stormy altar of Qazlal.
    84 | D        | Found a sacrificial altar of Ru.
    85 | D        | Found a deep blue altar of Sif Muna.
    86 | D        | Found a bloodstained altar of Trog.
    87 | D        | Found a hide-covered altar of Uskayaw.
    88 | D        | Found a radiant altar of Vehumet.
    89 | D        | Found a shimmering altar of Xom.
    90 | D        | Found a basalt altar of Yredelemnul.
    91 | D        | Found a glowing silver altar of Zin.
    92 | D        | Found a glowing golden altar of the Shining One.
    93 | D        | Became a worshipper of Sif Muna the Loreminder
    97 | D        | Learned a level 2 spell: Swiftness
   100 | D        | Learned a level 2 spell: Repel Missiles
   200 | D        | Noticed a troll
   200 | D        | Noticed a black bear
   230 | D        | Killed a troll
   230 | D        | Reached * piety under Sif Muna
   230 | D        | Reached skill level 9 in Spellcasting
   230 | D        | Reached XP level 5. HP: 7/28 MP: 10/18
   230 | D        | Reached XP level 6. HP: 8/32 MP: 11/20
   288 | D        | Reached ** piety under Sif Muna
   300 | D        | Learned a level 5 spell: Lightning Bolt
   353 | D        | Reached skill level 1 in Invocations
   473 | D        | Noticed a hippogriff
   473 | D        | Noticed a hill giant
   473 | D        | Noticed a hungry ghost
   473 | D        | Noticed a hippogriff
   506 | D        | Killed a hippogriff
   506 | D        | Reached *** piety under Sif Muna
   506 | D        | Reached skill level 1 in Fighting
   506 | D        | Reached skill level 1 in Armour
   506 | D        | Reached skill level 10 in Spellcasting
   506 | D        | Reached XP level 7. HP: 19/38 MP: 5/22
   526 | D        | Killed a hippogriff
   528 | D        | Slain by a hill giant

Skill      XL: |  1  2  3  4  5  6  7 |
---------------+----------------------+-----
Dodging        | 3 5 8 9 |  9.7
Conjurations   | 2 4 7 8 |  8.6
Spellcasting   | 4 6 9 10 | 10.5
Air Magic      | 5 7 8 |  8.3
Invocations    | 3 4 |  4.7
Fighting       | 1 2 |  2.2
Armour         | 1 2 |  2.3
Stealth        | |  2.4

Action                   |  1- 3 |  4- 6 |  7- 9 || total
-------------------------+-------+-------+-------++-------
 Cast: Shock             |    11 |    32 |       ||    43
       Swiftness         |       |     1 |     1 ||     2
       Repel Missiles    |       |     1 |       ||     1
       Lightning Bolt    |       |     1 |     3 ||     4
Evoke: Wand              |       |     3 |       ||     3
  Use: Potion            |     3 |     1 |     1 ||     5
       Scroll            |       |     1 |       ||     1
Armor: Robe              |     1 |     5 |       ||     6
       Troll leather arm |       |     2 |       ||     2
Dodge: Dodged            |     6 |    22 |       ||    28
